 Dungeon Crawl Stone Soup version 0.27-a0-1322-gfdffb62a71 (webtiles) character file.

Game seed: 18440711303695417297

114 Demosthentine the Poker (level 4, -4/35 HPs)
             Began as a Merfolk Gladiator on June 23, 2021.
             Slain by a goblin (5 damage)
             ... led by Robin
             ... on level 3 of the Dungeon.
             The game lasted 00:02:35 (2178 turns).

Demosthentine the Poker (Merfolk Gladiator)         Turns: 2178, Time: 00:02:35

Health: -4/35      AC:  9    Str: 15    XL:     4   Next: 98%
Magic:  4/4        EV: 13    Int:  7    God:
Gold:   17         SH:  0    Dex: 15    Spells: 3/3 levels left

rFire    . . .     SeeInvis .   a - +0 trident (drain)
rCold    + . .     Faith    .   (no shield)
rNeg     . . .     Spirit   .   b - +0 leather armour
rPois    .         Reflect  .   c - +1 helmet
rElec    .         Harm     .   (no cloak)
rCorr    .         Rampage  .   (no gloves)
Will     .....                  (no boots)
Stlth    +.........             (no amulet)
HPRegen  0.11/turn              m - +4 ring of protection
MPRegen  0.09/turn              n - ring of protection from cold

@: no status effects
A: (nimble swimmer 2), mertail
a: no special abilities


You were on level 3 of the Dungeon.
You visited 1 branch of the dungeon, and saw 3 of its levels.

You collected 63 gold pieces.
You spent 46 gold pieces at shops.

Inventory:

Hand Weapons
 a - a +0 trident of draining (weapon)
Missiles
 d - 2 throwing nets (quivered)
Armour
 b - a +0 leather armour (worn)
 c - a +1 helmet (worn)
 k - a +0 buckler
Jewellery
 m - a +4 ring of protection (left hand)
 n - a ring of protection from cold (right hand)
Scrolls
 o - a scroll of enchant armour
Potions
 f - a potion of attraction {unknown}
 g - a potion of brilliance {unknown}
 h - a potion of degeneration {unknown}
 i - a potion of curing {unknown}


   Skills:
 + Level 3.2 Fighting
 + Level 5.4 Polearms
 - Level 2.0 Throwing
 + Level 1.3 Armour
 + Level 5.0 Dodging
 + Level 0.7 Shields


You had 3 spell levels left.
You didn't know any spells.
Your spell library contained the following spells:

 Spells                   Type           Power      Damage    Failure   Level
 Animate Skeleton         Necr           0%         N/A       50%         1
 Pain                     Necr           0%         1d4       50%         1
 Vampiric Draining        Necr           0%         2d6       86%         3
 Animate Dead             Necr           0%         N/A       99%         4
 Agony                    Necr           0%         N/A       100%        5


Dungeon Overview and Level Annotations

Branches:
Dungeon (3/15)

Altars:

Shops:
D:2 *

Annotations:
D:3 Robin


Innate Abilities, Weirdness & Mutations

((You are quick and stealthy near water. (Stealth+, EV+, Speed+++)))
Your lower body shifts to a powerful aquatic tail in water.


Message History

You miss the goblin.
The goblin no longer looks unusually strong.
The hobgoblin misses you. The goblin hits you with a +0 club.
You bump into the rock wall.
The hobgoblin no longer looks unusually strong.
The hobgoblin completely misses you. The goblin hits you but does no damage.
You bump into the rock wall.
The hobgoblin closely misses you. The goblin barely misses you.
You barely miss the goblin.
You feel less invigorated.
You feel less confused.
The goblin no longer looks unusually strong. x2
The hobgoblin hits you but does no damage.
The goblin hits you but does no damage.
You hit the goblin.
You kill the goblin!
The hobgoblin hits you.
You barely miss the hobgoblin. The hobgoblin hits you.
You closely miss the hobgoblin. The hobgoblin barely misses you.
Robin roars a battlecry!
The goblins go into a battle-frenzy!
You barely miss the hobgoblin. The hobgoblin hits you.
You hit the hobgoblin but do no damage. Robin throws the goblin at you!
The hobgoblin barely misses you. The goblin closely misses you.
You puncture the hobgoblin!
You kill the hobgoblin!
Robin throws the goblin at you! The goblin hits you with a +0 club.
The goblin closely misses you.
You closely miss the goblin.
The goblin hits you but does no damage. x2
You are electrocuted!!
Ouch! That really hurt!
* * * LOW HITPOINT WARNING * * *
You closely miss the goblin. The goblin hits you but does no damage.
The goblin completely misses you.
You puncture the goblin!
You kill the goblin!
The goblin closely misses you.
You closely miss the goblin. The goblin hits you with a +0 club.
* * * LOW HITPOINT WARNING * * *
The goblin hits you with a +0 club.
You die...

g. #.# ### .#
#.# #..
.##.##.#
.....#
##)..## .
#..g..#
..#.##g##.#
.[. #g###
..... #@#.+
.......#g#.#
...........##
#########...+
#.### #.# #.#
#.# #<#


You could see Robin and 3 goblins.

Vanquished Creatures
  2 adders (D:2)
  4 worms (D:2)
  4 dart slugs
  5 ball pythons
  6 endoplasms
  8 goblins
  7 hobgoblins
  16 jackals
  A quokka (D:1)
  3 bats
  2 frilled lizards (D:1)
  6 kobolds
  5 rats
69 creatures vanquished.

Notes
Turn   | Place    | Note
-------+----------+-------------------------------------------
     0 | D:1      | Demosthentine the Merfolk Gladiator began the quest for the
                  | Orb.
     0 | D:1      | Reached XP level 1. HP: 16/16 MP: 1/1
   128 | D:1      | Found a faded altar of an unknown god.
   195 | D:1      | Reached XP level 2. HP: 17/23 MP: 2/2
   522 | D:1      | Reached XP level 3. HP: 28/28 MP: 3/3
   799 | D:1      | Reached skill level 5 in Polearms
   992 | D:1      | Reached skill level 1 in Armour
  1303 | D:2      | Reached XP level 4. HP: 33/34 MP: 4/4
  1653 | D:2      | Found Hosuinah's Assorted Antiques.
  1653 | D:2      | You fall into a shaft and drop 1 floor!
  2018 | D:2      | Bought 2 scrolls labelled DUORPH IXKIWNUU for 46 gold
                  | pieces
  2145 | D:3      | Noticed Robin
  2152 | D:3      | Reached skill level 5 in Dodging
  2178 | D:3      | HP: 1/35 [goblin[Robin] (5)]
  2178 | D:3      | Slain by a goblin

Illustrated notes

Levels and vault maps discovered:
D:1:      matt_arrival_spirals, layout_basic,
          hellmonk_ecumenical_altar_prayer_group
D:2:      layout_basic, serial_shops, nicolae_shop_waterfront
D:3:      layout_basic, minivault_25, hex_intersection, uniq_grinder, uniq_robin

Skill      XL: |  1  2  3  4 |
---------------+-------------+-----
Polearms       | 5 |  5.4
Armour         | 1 |  1.3
Fighting       | 3 |  3.2
Dodging        | 5 |  5.0
Throwing       | |  2.0
Shields        | |  0.7

Action                   |  1- 3 |  4- 6 || total
-------------------------+-------+-------++-------
Melee: Trident           |   134 |    97 ||   231
Throw: Throwing net      |     2 |       ||     2
  Use: Scroll            |     2 |     3 ||     5
       Potion            |       |     1 ||     1
 Stab: Sleeping          |     2 |     1 ||     3
       Held in net/web   |     1 |       ||     1
Armor: Leather armour    |    26 |    22 ||    48
Dodge: Dodged            |    68 |    61 ||   129

Table legend: (Time is in decaauts)
 A = Elapsed time spent in this place.
 B = Non-inter-level travel time spent in this place.
 C = Inter-level travel time spent in this place.
 D = Time resting spent in this place.
 E = Time spent auto-exploring this place.
 F = Levels seen in this place.
 G = Mean time per level.
                   A        B        C        D        E       F      G
               +--------+--------+--------+--------+--------+-----+--------+
         Total |   2187 |   2121 |     66 |      0 |   1708 |   3 |  729.0 |
       Dungeon |   2187 |   2121 |     66 |      0 |   1708 |   3 |  729.0 |
               +--------+--------+--------+--------+--------+-----+--------+

Top non-repeatable levels by time:
     D:1: 1165 daAuts
     D:2: 953 daAuts
     D:3: 68 daAuts
